 Dungeon Crawl Stone Soup version 0.29.0-4-gdea44cf6ec (webtiles) character file.

Game seed: 16178706598485348412

58 qw the Chopper (level 4, 0/28 HPs)
             Began as a Gargoyle Fighter on Sept 9, 2022.
             Slain by Jessica
             ... wielding a +0 dagger
              (1 damage)
             ... on level 2 of the Dungeon.
             The game lasted 00:00:25 (786 turns).

qw the Chopper (Gargoyle Fighter)                    Turns: 786, Time: 00:00:25

Health: 0/28       AC: 10    Str: 22    XL:     4   Next: 2%
Magic:  4/4        EV:  9    Int:  8    God:
Gold:   46         SH:  4    Dex:  9    Spells: 3/3 levels left

rFire   . . .      SeeInvis .   Y - +1 war axe
rCold   . . .      Faith    .   c - +0 buckler
rNeg    + . .      Spirit   .   b - +0 scale mail
rPois   inf        Reflect  .   (no helmet)
rElec   +          Harm     .   (no cloak)
rCorr   .          Rampage  .   (no gloves)
Will    .....                   (no boots)
Stlth   ..........              (no amulet)
HPRegen 0.09/turn               (no ring)
MPRegen 0.09/turn               (no ring)

@: no status effects
A: sickness immunity, AC +3, negative energy resistance 1, electricity
resistance, torment resistance 1, petrification resistance
a: no special abilities


You were on level 2 of the Dungeon.
You visited 1 branch of the dungeon, and saw 2 of its levels.

You collected 46 gold pieces.


Innate Abilities, Weirdness & Mutations

You are immune to sickness and miasma.
Your stone body is resilient. (AC +3)
You are immune to poison.
You resist negative energy. (rN+)
You are resistant to electric shocks. (rElec)
You are resistant to unholy torment.
You are immune to petrification.


   Skills:
 - Level 3.2 Fighting
 + Level 3.8 Axes
 - Level 3.2 Armour
 - Level 3.2 Shields


You had 3 spell levels left.
You didn't know any spells.
Your spell library was empty.

Inventory:

Hand Weapons
 h - a +0 club
 Y - a +1 war axe (weapon)
Armour
 b - a +0 scale mail (worn)
 c - a +0 buckler (worn)
Scrolls
 a - a scroll of enchant armour
 e - a scroll of identify
Potions
 d - a potion of might

Dungeon Overview and Level Annotations

Branches:
Dungeon (2/15)

Altars:

Annotations:
D:2 Jessica


Message History

You closely miss the hobgoblin. The hobgoblin barely misses you.
Jessica casts a spell.
Jessica seems to speed up.
You block the hobgoblin's attack.
You hit the hobgoblin.
The hobgoblin is almost dead.
The hobgoblin closely misses you.
You barely miss the hobgoblin.
The hobgoblin is almost dead.
The hobgoblin hits you.
You hit the hobgoblin but do no damage.
The hobgoblin is almost dead.
The hobgoblin hits you.
Jessica mumbles some strange words.
Jessica blinks!
The hobgoblin barely misses you.
You slash the hobgoblin!
You kill the hobgoblin!
You have reached level 4!
You feel stronger.
You slash the goblin!
You kill the goblin!
You block Jessica's attack.
You barely miss Jessica. Jessica hits you but does no damage.
Jessica points at you and mumbles some strange words.
You resist with some effort.
You barely miss Jessica. You block Jessica's attack. x2
You barely miss Jessica. Jessica hits you but does no damage.
Jessica hits you with a +0 dagger.
You hit Jessica.
Jessica is moderately wounded.
Jessica gestures wildly.
Jessica hits you but does no damage. Jessica hits you with a +0 dagger.
You closely miss Jessica.
Jessica is moderately wounded.
Jessica hits you but does no damage. Jessica hits you with a +0 dagger.
You hit Jessica.
Jessica is severely wounded.
Jessica hits you with a +0 dagger.
You die...

.# g# ## #.# ##. ..#
..#.g... .#..### ...
#.. ....... #.# #.#
.....#
#.#.##@###.#####..#.#
#.....)@..........#.#
#.#.###)##.##.##..#.#
#.##...#........#.####
#.....................
#.........#%#..)#####.
...........#.#...# #.
#.................# #.
#.##.#...####.#...# #.
#.#.#....# #.#...# #.


You could see Jessica (fast).

Vanquished Creatures
  Robin (D:2)
  An adder (D:2)
  A ball python (D:2)
  4 bats (D:1)
  3 hobgoblins
  4 jackals (D:1)
  2 quokkas
  11 goblins
  4 kobolds
  2 rats
33 creatures vanquished.

Notes
Turn   | Place    | Note
-------+----------+-------------------------------------------
     0 | D:1      | qw the Gargoyle Fighter began the quest for the Orb.
     0 | D:1      | Reached XP level 1. HP: 14/14 MP: 1/1
     0 | D:1      | 0 ||| qw: Version: 0.1-a-113-g051387a
     0 | D:1      | 0 ||| qw: Game counter: 7036
     0 | D:1      | 0 ||| qw: Always use a shield: true
     0 | D:1      | 0 ||| qw: God list: Okawaru
     0 | D:1      | 0 ||| qw: Allow faded altars: false
     0 | D:1      | 0 ||| qw: Do Orc after D:15 true
     0 | D:1      | 0 ||| qw: Do second Lair branch before Depths: true
     0 | D:1      | 0 ||| qw: Lair rune preference: random
     0 | D:1      | 0 ||| qw: Plans: Normal, Zot, God:TSO, Crypt, Tomb, Zig,
                  | Orb
     0 | D:1      | 0 ||| PLANNING D:1-11
   210 | D:1      | 210 ||| Stepping ~*~*~tactically~*~*~ (stealth).
   212 | D:1      | 212 ||| Stepping ~*~*~tactically~*~*~ (stealth).
   216 | D:1      | Reached XP level 2. HP: 19/19 MP: 2/2
   641 | D:1      | 641 ||| READING 2 scrolls labelled OMIUXK DUUTU.
   642 | D:1      | 642 ||| READING scroll labelled TISUON KEALAF.
   643 | D:1      | 643 ||| READING scroll labelled PITHRA EPNAU.
   644 | D:1      | 644 ||| READING scroll labelled VOGEISALEI.
   684 | D:2      | Reached skill level 3 in Axes
   684 | D:2      | Reached XP level 3. HP: 20/23 MP: 3/3
   753 | D:2      | Noticed Jessica
   753 | D:2      | Noticed Robin
   755 | D:2      | 755 ||| Stepping ~*~*~tactically~*~*~ (hiding).
   759 | D:2      | 759 ||| Stepping ~*~*~tactically~*~*~ (hiding).
   767 | D:2      | Killed Robin
   769 | D:2      | 769 ||| Stepping ~*~*~tactically~*~*~ (hiding).
   780 | D:2      | Reached XP level 4. HP: 11/28 MP: 4/4
   783 | D:2      | HP: 7/28 [Jessica/+0 dagger (4)]
   784 | D:2      | HP: 3/28 [Jessica/+0 dagger (4)]
   785 | D:2      | HP: 1/28 [Jessica/+0 dagger (2)]
   786 | D:2      | Slain by Jessica

Levels and vault maps discovered:
D:1:      minmay_arrival_radiant_lines, layout_loops_ring
D:2:      layout_loops_ring, ebering_ecumenical_altar_rust, uniq_natasha,
          uniq_robin, uniq_jessica

Skill      XL: |  1  2 |
---------------+-------+-----
Axes           | 2 3 |  3.8
Fighting       | |  3.2
Armour         | |  3.2
Shields        | |  3.2

Action                   |  1- 3 |  4- 6 || total
-------------------------+-------+-------++-------
Melee: War axe           |    78 |     7 ||    85
  Use: Scroll            |     4 |       ||     4
Armor: Scale mail        |    39 |     4 ||    43
Dodge: Dodged            |    54 |       ||    54
Block: Buckler           |    22 |     3 ||    25

Table legend:
 A = Non-vault XP
 B = Vault XP
 C = Vault XP percentage of total XP
 D = Non-vault monster count
 E = Vault monster count
 F = Vault count percentage of total count
                 A         B        C        D         E       F
            +---------+---------+-------+---------+---------+-------
      Total |      49 |      35 |  41.7 |      22 |      11 |  33.3
            +---------+---------+-------+---------+---------+-------
        D:1 |      27 |       0 |   0.0 |      16 |       0 |   0.0
        D:2 |      22 |      35 |  61.4 |       6 |      11 |  64.7
            +---------+---------+-------+---------+---------+-------
